 Dungeon Crawl Stone Soup version 0.21.1-1-g345015fe64 (webtiles) character file.

56 Bergy the Cudgeler (level 3, -1/23 HPs)
             Began as a Gargoyle Fighter on July 27, 2018.
             Slain by Crazy Yiuf
             ... wielding a +4 quarterstaff of chaos
              (3 damage)
             ... while paralysed by Crazy Yiuf
             ... on level 2 of the Dungeon.
             The game lasted 00:03:29 (1702 turns).

Bergy the Cudgeler (Gargoyle Fighter)               Turns: 1702, Time: 00:03:30

Health: -1/23      AC: 10    Str: 20    XL:     3   Next: 97%
Magic:  3/3        EV:  2    Int:  8    God:
Gold:   79         SH:  0    Dex:  9    Spells: 2/2 levels left

rFire    . . .     SeeInvis .   a - +0 flail
rCold    . . .     Gourm    .   c - +0 shield
rNeg     + . .     Faith    .   b - +0 scale mail
rPois    ∞         Spirit   .   (no helmet)
rElec    +         Reflect  .   (no cloak)
rCorr    .         Harm     .   (no gloves)
MR       .....                  (no boots)
Stlth    ..........             (no amulet)
HPRegen  0.07/turn              (no ring)
MPRegen  0.08/turn              (no ring)

@: paralysed
A: negative energy resistance 1, electricity resistance, unbreathing,
petrification resistance, rot immunity, AC +3
a: no special abilities


You were on level 2 of the Dungeon.
You were not hungry.

You visited 1 branch of the dungeon, and saw 2 of its levels.

You collected 79 gold pieces.

Inventory:

Hand Weapons
 a - a +0 flail (weapon)
Armour
 b - a +0 scale mail (worn)
 c - a +0 shield (worn)
Scrolls
 h - a scroll of enchant armour {unknown}
 i - 2 scrolls of remove curse {unknown}
 k - 3 scrolls of identify {unknown}
 m - a scroll of random uselessness {unknown}
Potions
 d - a potion of might
 e - 2 potions of curing {unknown}
 g - 3 potions of heal wounds {unknown}
 j - 2 potions of ambrosia {unknown}
 l - a potion of brilliance {unknown}
Comestibles
 f - 4 rations


   Skills:
 - Level 3.2 Fighting
 + Level 4.1 Maces & Flails
 - Level 3.2 Armour
 - Level 3.2 Shields


You had 2 spell levels left.
You didn't know any spells.

Dungeon Overview and Level Annotations

Branches:
Dungeon (2/15)

Altars:
Hepliaklqana

Annotations:
D:2 Crazy Yiuf


Innate Abilities, Weirdness & Mutations

You are resistant to torment.
Your stone body is resilient. (AC +3)
You are immune to poison.
You resist negative energy. (rN+)
You are resistant to electric shocks. (rElec)
You can survive without breathing.
You are immune to petrification.
You are immune to rotting.


Message History

Crazy Yiuf hits you but does no damage.
Crazy Yiuf hits you with a quarterstaff of chaos!
* * * LOW HITPOINT WARNING * * *
You hit Crazy Yiuf.
Crazy Yiuf is moderately wounded.
You block Crazy Yiuf's attack.
You closely miss Crazy Yiuf.
Crazy Yiuf is moderately wounded.
Crazy Yiuf says, "Fire ena chair!"
You block Crazy Yiuf's attack.
You sock Crazy Yiuf!
Crazy Yiuf is severely wounded.
Crazy Yiuf screams, "Mountain bag testudinal!"
You block Crazy Yiuf's attack.
You hit Crazy Yiuf.
Crazy Yiuf is almost dead.
Crazy Yiuf hits you but does no damage.
You suddenly lose the ability to move!
Crazy Yiuf hits you but does no damage.
Crazy Yiuf hits you with a quarterstaff of chaos.
You die...

...........#
#.##....(...# #
#........#
######...# ###.#
#.# #### ♣♣####.#
#)))#♣♣ ♣♣....#.#
#.)g@)♣♣♣♣.P.....#
#)))#♣))♣)PP.....#
#### ♣♣♣)♣)...##.#
♣♣♣♣♣####.# #.#
###### #.# #....#
#.# #....# ..#
#....# ###


You could see Crazy Yiuf.

Vanquished Creatures
  An adder (D:2)
  2 worms (D:2)
  3 leopard geckos
  2 bats (D:1)
  A giant cockroach (D:1)
  2 goblins
  5 hobgoblins
  4 jackals (D:1)
  A ball python (D:1)
  4 frilled lizards
  9 kobolds
  5 rats
39 creatures vanquished.

Notes
Turn   | Place    | Note
-------+----------+-------------------------------------------
     0 | D:1      | Bergy the Gargoyle Fighter began the quest for the Orb.
     0 | D:1      | Reached XP level 1. HP: 14/14 MP: 1/1
   103 | D:1      | Reached XP level 2. HP: 19/19 MP: 2/2
   124 | D:1      | Reached skill level 3 in Maces & Flails
   435 | D:1      | Reached XP level 3. HP: 23/23 MP: 3/3
  1165 | D:2      | Found a hazy altar of Hepliaklqana.
  1383 | D:2      | Reached skill level 4 in Maces & Flails
  1688 | D:2      | Found a runed door.
  1692 | D:2      | Noticed Crazy Yiuf
  1696 | D:2      | HP: 1/23 [Crazy Yiuf/quarterstaff of chaos (9)]
  1700 | D:2      | Paralysed by Crazy Yiuf for 3 turns
  1702 | D:2      | Slain by Crazy Yiuf

Skill      XL: |  1  2  3 |
---------------+----------+-----
Maces & Flails | 3 4 |  4.1
Fighting       | |  3.2
Armour         | |  3.2
Shields        | |  3.2

Action                   || total
-------------------------++-------
Melee: Flail             ||   160
  Eat: Chunk             ||     3
Armor: Scale mail        ||    83
Dodge: Dodged            ||    44
Block: Shield            ||    72
